cohdb
Replays
Latest Replays
All Replays
Popular Replays
Top Player Replays
Match Explorer
How It Works
Community
CoH3 Stats
Reddit
Sign in to upload your games and track your stats! →
Sign in with Steam
Match 41742610
Unlisted
Match 41742610
Overview
Messages
Build Orders
End
Scout Squad
Construct Barracks
Riflemen Squad
Selects Heavy Weapons
1⁄4-ton 4x4 Truck
Construct Weapon Support Center
Riflemen Squad
M1919 Machine Gun Team
Selects M2HB .50cal Heavy Machine Gun
Bazooka Squad
Infantry Support Center
Bazooka Squad
M3 Armored Personnel Carrier
M1919 Machine Gun Team
Construct Tank Depot
Selects Rapid Reposition
Selects Bolstered Team Weapons
M3 Armored Personnel Carrier
Bazooka Squad
M18 Hellcat Tank Destroyer
M18 Hellcat Tank Destroyer
M1919 Machine Gun Team
Riflemen Squad
Riflemen Squad
M1918 Browning Automatic Rifles
Selects Assault Carriers
Selects Halftrack Strongpoints
Riflemen Squad
Selects M26 Pershing Heavy Tank
Riflemen Squad
Bazooka Squad
Bazooka Squad
M26 Pershing Heavy Tank
neko chan
Insomniac
Valmont
LEON
0
0
Comments
sign in to comment!
No comments posted yet!